 Dungeon Crawl Stone Soup version 0.21.1-1-g345015f (webtiles) character file.

4438 Lurcharcal the Carver (level 10, -5/86 HPs)
             Began as a White Draconian Fighter on May 25, 2018.
             Slain by a killer bee (13 damage)
             ... on level 8 of the Dungeon.
             The game lasted 01:05:51 (7219 turns).

Lurcharcal the Carver (White Draconian Fighter)     Turns: 7219, Time: 01:05:52

Health: -5/86      AC:  8    Str: 21    XL:     10   Next: 14%
Magic:  10/10      EV: 13    Int:  9    God:
Gold:   431        SH: 11    Dex: 11    Spells: 9/9 levels left

rFire    . . .     SeeInvis .   n - +3 long sword (elec)
rCold    + . .     Gourm    .   k - +1 shield
rNeg     . . .     Faith    .   (armour unavailable)
rPois    .         Spirit   .   (helmet restricted)
rElec    .         Reflect  .   u - +0 cloak
rCorr    .         Harm     .   (no gloves)
MR       .....                  (no boots)
Stlth    ++........             (no amulet)
HPRegen  0.24/turn              g - +2 ring of slaying
MPRegen  0.12/turn              (no ring)

@: lethally poisoned (-5 -> -14)
A: breathe frost, unfitting armour, cold resistance 1, cold-blooded, subdued
magic 1, AC +7
a: Breathe Frost


You were on level 8 of the Dungeon.
You were not hungry.

You visited 1 branch of the dungeon, and saw 8 of its levels.

You collected 431 gold pieces.

Inventory:

Hand Weapons
 n - a +3 long sword of electrocution (weapon)
 r - a +2 great sword
 s - a +2 long sword of freezing
Armour
 k - a +1 shield (worn)
 m - a scarf of cloud immunity
 u - a +0 cloak (worn)
Jewellery
 g - a +2 ring of slaying (left hand)
Scrolls
 f - 3 scrolls of amnesia
 i - 2 scrolls of remove curse
 j - 4 scrolls of identify
 o - a scroll of immolation {unknown}
 q - a scroll of teleportation
Potions
 b - 4 potions of flight
 c - 2 potions of might
 e - a potion of curing
 h - 2 potions of lignification
 p - a potion of ambrosia
 t - a potion of brilliance
Comestibles
 a - 8 chunks of flesh
 d - 14 rations


   Skills:
 + Level 7.0 Fighting
 + Level 9.4 Long Blades
 + Level 4.0 Throwing
 + Level 5.8 Dodging
 + Level 3.5 Stealth
 + Level 6.7 Shields


You had 9 spell levels left.
You didn't know any spells.

Dungeon Overview and Level Annotations

Branches:
Dungeon (8/15)
 Temple: D:4-7         Lair: D:8-11

Altars:
Cheibriados
Dithmenos
Gozag
Hepliaklqana
Trog
Vehumet
Xom


Innate Abilities, Weirdness & Mutations

You can breathe waves of freezing cold.
You can buffet flying creatures when you breathe cold.
Your icy white scales are hard. (AC +7)
You cannot fit into any form of body armour.
Your flesh is cold resistant. (rC+)
You are cold-blooded and may be slowed by cold attacks.
Your spells are a little easier to cast, but a little less powerful.


Message History

The killer bee is lightly wounded.
You feel sick. You block the killer bee's attack. The killer bee stings you.
* * * LOW HITPOINT WARNING * * *
The queen bee misses you.
You riposte.
You hit the queen bee.
The queen bee is moderately wounded.
The killer bee stings you.
* * * LOW HITPOINT WARNING * * *
You feel better. You block the killer bee's attack.
The killer bee closely misses you. You block the queen bee's attack.
The killer bee barely misses you.
You riposte.
You miss the killer bee.
As you read the scroll of fog, it crumbles to dust.
The scroll dissolves into smoke.
The killer bee misses you. The killer bee completely misses you.
The queen bee stings you!
* * * LOW HITPOINT WARNING * * *
You are poisoned.
The queen bee poisons you! The killer bee stings you!
* * * LOW HITPOINT WARNING * * *
* * * LOW HITPOINT WARNING * * *
You feel sick. The killer bee stings you!
You die...

. .. ###### [... #
.##.## ..#.## ..... #.
..... ..#... .......
.###..##...#)#. .......
..##.##...#.## ..(....
#.##..##..#.#
..(....###+#.#.[.....#.#
....(.....§....#...#.#.#
(......§@§§....##..#.#.#
.(...(.y§y.....##..#...#
((..(..§§§.....###.##..#
..((..†).......# #..#..#
...............# #..#..#
...............# #.....#
.....(.........# #.#...#
...(...........#
#.......
.....!.#######.#
#######.


You could see a queen bee and a killer bee (berserk).

Vanquished Creatures
  The ghost of bmj180 the Digger, a novice GrEE of Vehumet (D:6)
  Grinder (D:3)
  Sigmund (D:6)
  Menkaure (D:5)
  2 orc warriors
  A hornet zombie (D:7)
  An ice beast (D:5)
  A black bear (D:6)
  5 ogres
  3 centaurs
  2 big kobolds
  2 bullfrogs (D:7)
  5 killer bees (D:8)
  3 wights (D:7)
  6 howler monkeys
  2 crimson imps (D:7)
  A quasit (D:7)
  4 hounds
  Crazy Yiuf (D:5)
  A bullfrog skeleton (D:6)
  7 orc priests
  10 orc wizards
  A centaur skeleton (D:7)
  3 iguanas
  Ijyb (D:5)
  Natasha (thrice) (D:2)
  5 worker ants
  A statue (D:5)
  A howler monkey zombie (D:5)
  Robin (D:4)
  13 adders
  12 gnolls
  A howler monkey skeleton (D:5)
  2 oozes
  An adder skeleton (D:7)
  An adder zombie (D:7)
  3 worms (D:2)
  4 dart slugs
  3 leopard geckos (D:5)
  44 orcs
  7 bats
  6 giant cockroaches
  15 goblins
  6 hobgoblins
  11 jackals
  5 quokkas
  3 ball pythons
  5 frilled lizards
  16 kobolds
  A leopard gecko skeleton (D:4)
  A quokka skeleton (D:5)
  A quokka zombie (D:6)
  3 rats
241 creatures vanquished.

Vanquished Creatures (others)
  An orc wizard (D:4)
  An orc (D:4)
2 creatures vanquished.

Grand Total: 243 creatures vanquished

Notes
Turn   | Place    | Note
-------+----------+-------------------------------------------
     0 | D:1      | Lurcharcal the Draconian Fighter began the quest for the Orb.
     0 | D:1      | Reached XP level 1. HP: 19/19 MP: 1/1
    92 | D:1      | Reached XP level 2. HP: 9/26 MP: 2/2
   757 | D:2      | Reached XP level 3. HP: 8/33 MP: 3/3
  1024 | D:2      | Found a shadowy altar of Dithmenos.
  1490 | D:2      | Noticed Natasha
  1502 | D:2      | Killed Natasha
  1502 | D:2      | Reached XP level 4. HP: 23/40 MP: 4/4
  1721 | D:2      | Noticed Natasha
  1726 | D:2      | Killed Natasha
  1726 | D:2      | Reached skill level 3 in Long Blades
  1845 | D:2      | Reached XP level 5. HP: 43/46 MP: 5/5
  2192 | D:2      | Noticed Natasha
  2204 | D:2      | Killed Natasha
  2204 | D:2      | Reached skill level 4 in Long Blades
  2414 | D:3      | Reached XP level 6. HP: 48/52 MP: 6/6
  2586 | D:3      | Noticed Grinder
  2598 | D:3      | Killed Grinder
  2598 | D:3      | Reached skill level 1 in Stealth
  2770 | D:4      | Reached skill level 5 in Long Blades
  2770 | D:4      | Your scales start taking on an icy white colour.
  2770 | D:4      | Reached XP level 7. HP: 48/60 MP: 7/7
  2770 | D:4      | Gained mutation: Your flesh is cold resistant. (rC+) [White Draconian growth]
  3115 | D:4      | Noticed Robin
  3142 | D:4      | Killed Robin
  3206 | D:4      | Found a hazy altar of Hepliaklqana.
  3208 | D:4      | Found a shimmering altar of Xom.
  3208 | D:4      | Noticed a wyvern
  3209 | D:4      | Noticed a spectral ugly thing
  3209 | D:4      | Noticed a wyvern
  3269 | D:4      | Reached skill level 6 in Long Blades
  3279 | D:4      | Gained mutation: Your spells are a little easier to cast, but a little less powerful. [mutagenic glow]
  3959 | D:5      | Entered Level 5 of the Dungeon
  3989 | D:5      | Noticed Ijyb
  3991 | D:5      | Reached skill level 5 in Fighting
  3995 | D:5      | Reached XP level 8. HP: 67/68 MP: 8/8
  3999 | D:5      | Killed Ijyb
  4014 | D:5      | Noticed Menkaure
  4019 | D:5      | Killed Menkaure
  4019 | D:5      | Reached skill level 5 in Shields
  4260 | D:5      | Found an opulent altar of Gozag.
  4317 | D:5      | Reached skill level 7 in Long Blades
  4317 | D:5      | Reached skill level 1 in Throwing
  4544 | D:5      | Found a radiant altar of Vehumet.
  4662 | D:5      | Found a runed door.
  4666 | D:5      | Noticed Crazy Yiuf
  4671 | D:5      | Killed Crazy Yiuf
  5213 | D:6      | Found a snail-covered altar of Cheibriados.
  5362 | D:6      | Reached skill level 5 in Dodging
  5441 | D:6      | Noticed bmj180's ghost (novice GrEE)
  5442 | D:6      | Reached XP level 9. HP: 49/75 MP: 9/9
  5463 | D:6      | Killed bmj180's ghost
  5463 | D:6      | Reached skill level 8 in Long Blades
  5488 | D:6      | Noticed Sigmund
  5772 | D:6      | Killed Sigmund
  6276 | D:7      | Reached skill level 9 in Long Blades
  6316 | D:7      | Found a bloodstained altar of Trog.
  6714 | D:7      | Reached XP level 10. HP: 81/84 MP: 10/10
  7219 | D:8      | Slain by a killer bee

Skill      XL: |  1  2  3  4  5  6  7  8  9 10 |
---------------+-------------------------------+-----
Dodging        | 3 4 5 |  5.8
Fighting       | 4 5 6 7 |  7.0
Long Blades    | 3 4 5 6 7 9 |  9.4
Shields        | 4 5 6 |  6.7
Stealth        | 1 2 3 |  3.5
Throwing       | 2 3 4 |  4.0

Action                   |  1- 3 |  4- 6 |  7- 9 | 10-12 || total
-------------------------+-------+-------+-------+-------++-------
Melee: Long sword        |    94 |    90 |   305 |    53 ||   542
       Tailslap          |     9 |    10 |    30 |     3 ||    52
Throw: Tomahawk          |       |       |    62 |    22 ||    84
 Abil: Breathe Frost     |       |       |    17 |     1 ||    18
  Use: Scroll            |     6 |     3 |    10 |     1 ||    20
       Potion            |     1 |       |     1 |     1 ||     3
 Stab: Sleeping          |     1 |     1 |     2 |       ||     4
  Eat: Chunk             |     1 |     5 |    13 |     2 ||    21
       Ration            |       |       |     1 |       ||     1
Armor: Skin              |    23 |    30 |    68 |    15 ||   136
Dodge: Dodged            |    45 |    46 |   115 |    27 ||   233
Block: Shield            |    49 |    54 |   138 |    43 ||   284
       Rpst.: Long sword |    15 |    14 |    27 |     7 ||    63
